 Dungeon Crawl Stone Soup version 0.31-b1-22-gc680215f68 (webtiles) character file.

Game seed: 12655691498601998959

863 Destinykillz the Trooper (level 8, -1/71 HPs)
             Began as a Hill Orc Fighter on Jan 18, 2024.
             Slain by an orc wizard
             ... wielding a +0 trident
              (5 damage)
             ... on level 5 of the Dungeon on Jan 19, 2024.
             The game lasted 00:07:56 (3140 turns).

Destinykillz the Trooper (Hill Orc Fighter)         Turns: 3140, Time: 00:07:56

Health: -1/71      AC:  7    Str: 21    XL:     8   Next: 2%
Magic:  8/8        EV: 14    Int:  8    God:
Gold:   318        SH:  5    Dex: 10    Spells: 5/7 levels left

rFire   . . .        a - +0 war axe
rCold   . . .        c - +0 buckler
rNeg    . . .        b - +0 scale mail
rPois   .            (no helmet)
rElec   .            (no cloak)
rCorr   .            (no gloves)
SInv    .            (no boots)
Will    +....        p - amulet of regeneration Stlth
                     g - +5 ring of evasion
HPRegen 1.11/turn    l - ring of willpower
MPRegen 0.11/turn

%: no passive effects
@: studying Polearms
A: no striking features
a: no special abilities


You were on level 5 of the Dungeon.
You visited 1 branch of the dungeon, and saw 5 of its levels.

You collected 318 gold pieces.

Inventory:

Hand Weapons
 a - a +0 war axe (weapon)
Missiles
 u - a curare-tipped dart (quivered)
Armour
 b - a +0 scale mail (worn)
 c - a +0 buckler (worn)
Jewellery
 g - a +5 ring of evasion (left hand)
 l - a ring of willpower (right hand)
 p - an amulet of regeneration (around neck)
Scrolls
 f - 2 scrolls of silence {unknown}
 h - 2 scrolls of poison {unknown}
 i - a scroll of fear {unknown}
 q - a scroll of teleportation {unknown}
 r - a scroll of identify {unknown}
 s - a scroll of enchant weapon {unknown}
Potions
 d - 2 potions of lignification {unknown}
 e - 2 potions of brilliance {unknown}
 j - 2 potions of curing {unknown}
 k - a potion of haste {unknown}
 m - 2 potions of heal wounds {unknown}
 n - a potion of berserk rage {unknown}
 o - 2 potions of magic {unknown}
 t - a potion of resistance {unknown}
 v - 2 potions of enlightenment {unknown}


   Skills:
 + Level 6.7 Fighting
 + Level 6.5 Axes
 + Level 6.0 Armour
 - Level 5.0 Shields


You had 5 spell levels left.
You knew the following spells:

 Your Spells              Type           Power      Damage    Failure   Level
a - Mercury Vapours       Alch/Air       0%         N/A       90%         2

Your spell library contained the following spells:

 Spells                   Type           Power      Damage    Failure   Level
 Freeze                   Ice            0%         1d3       80%         1
 Sting                    Conj/Alch      0%         1d3       80%         1
 Frozen Ramparts          Ice            0%         1d1       99%         3
 Hailstorm                Conj/Ice       0%         3d5       99%         3
 Tukima's Dance           Hex            0%         N/A       99%         3
 Dimensional Bullseye     Hex/Tloc       0%         N/A       100%        4
 Iskenderun's Mystic Bla  Conj/Tloc      0%         2d3       100%        4
 Olgreb's Toxic Radiance  Alch           0%         N/A       100%        4


Dungeon Overview and Level Annotations

Branches:
Dungeon (5/15)
 Temple: D:4-7

Altars:
Elyvilon
The Shining One

Shops:
D:3 *   D:5 :

Annotations:
D:5 4 runed translucent doors


Message History

The ice beast is almost dead.
You block the ice beast's attack. Something hits you.
* * * LOW HITPOINT WARNING * * *
You barely miss the ice beast.
The ice beast is almost dead.
You block the ice beast's attack. Something hits you!
* * * LOW HITPOINT WARNING * * *
You hit the ice beast.
You kill the ice beast!
Something hits you but does no damage. x2
Your Armour skill increases to level 6!
You have reached level 8!
You hear some strange, mumbled words.
A magic dart appears from out of thin air!
The magic dart hits you.
* * * LOW HITPOINT WARNING * * *
You miss something. Something barely misses you.
You hit something. You block something's attack.
You closely miss something. Something hits you but does no damage.
You closely miss something. Something barely misses you.
You hear some strange, mumbled words.
A magic dart appears from out of thin air!
The magic dart hits you.
* * * LOW HITPOINT WARNING * * *
You miss something. You block something's attack.
You miss something. Something hits you.
* * * LOW HITPOINT WARNING * * *
You closely miss something. Something barely misses you.
You miss something. Something hits you.
* * * LOW HITPOINT WARNING * * *
Something hits you.
* * * LOW HITPOINT WARNING * * *
You hit something. Something hits you but does no damage.
You slash something! Something hits you.
* * * LOW HITPOINT WARNING * * *
You miss something. Something hits you.
* * * LOW HITPOINT WARNING * * *
Okay, then.
You closely miss something. Something hits you.
You die...

..#.# ###......#..# #####
##......##..# ..(#
##......###..# ...##
##......##.#..# ...'#
##......##.)#..# ..###
##......##..##..# ..###
##......##... #..# <...#
##......##.{## #..#
....###......##.@..# #..#
....##......##..##...#..#
....#......###..[###.#..########
..###+#......###††.#####.......#
##### ###......###...#.#.......#
....# ###......###.#.).......#
..### ###......#'#.#.......#
<..# ###......#)#.......# ...#
###....))#.......#


There were no monsters in sight!

Vanquished Creatures
  A black bear (D:4)
  An ice beast (D:5)
  A sky beast (D:4)
  A kobold brigand (D:5)
  2 scorpions (D:5)
  2 bombardier beetles
  2 gnoll boudas
  2 iguanas
  2 orc wizards
  5 gnolls
  2 adders
  A white imp (D:4)
  An ufetubus (D:5)
  A ribbon worm (D:4)
  A dart slug (D:4)
  8 orcs
  7 bats
  7 endoplasms
  6 giant cockroaches
  7 hobgoblins
  2 jackals (D:1)
  7 kobolds
  2 quokkas (D:1)
  5 ball pythons
  2 frilled lizards
  7 goblins
  6 rats
91 creatures vanquished.

Notes
Turn   | Place    | Note
-------+----------+-------------------------------------------
     0 | D:1      | Destinykillz the Hill Orc Fighter began the quest for the
                  | Orb.
     0 | D:1      | Reached XP level 1. HP: 19/19 MP: 1/1
    86 | D:1      | Reached XP level 2. HP: 23/27 MP: 2/2
   342 | D:1      | Reached XP level 3. HP: 33/33 MP: 3/3
   613 | D:1      | Found a faded altar of an unknown god.
  1381 | D:3      | Found Piliem's Assorted Antiques.
  1395 | D:3      | Reached XP level 4. HP: 37/40 MP: 4/4
  1444 | D:3      | Learned a level 2 spell: Mercury Vapours
  1652 | D:3      | Found a white marble altar of Elyvilon.
  1847 | D:4      | Found a glowing golden altar of the Shining One.
  1917 | D:4      | Noticed a sky beast
  1940 | D:4      | HP: 2/41 [sky beast (5)]
  1942 | D:4      | Killed a sky beast
  1943 | D:4      | Reached skill level 5 in Shields
  1943 | D:4      | Reached XP level 5. HP: 6/47 MP: 5/5
  2017 | D:4      | Reached XP level 6. HP: 11/55 MP: 6/6
  2122 | D:4      | Noticed a black bear
  2141 | D:4      | Killed a black bear
  2142 | D:4      | Reached skill level 5 in Fighting
  2360 | D:4      | Reached skill level 5 in Axes
  2529 | D:4      | Reached skill level 5 in Armour
  2590 | D:5      | Entered Level 5 of the Dungeon
  2671 | D:5      | Reached XP level 7. HP: 62/62 MP: 7/7
  2727 | D:5      | Found a large runed translucent door.
  2727 | D:5      | Found a large runed translucent door.
  2730 | D:5      | Found Rocvo's Book Boutique.
  2746 | D:5      | Found a large runed translucent door.
  2746 | D:5      | Noticed a shadow
  2747 | D:5      | Found a large runed translucent door.
  3128 | D:5      | Reached XP level 8. HP: 12/71 MP: 8/8
  3138 | D:5      | HP: 3/71 [something (5)]
  3140 | D:5      | Slain by an orc wizard

Illustrated notes

Levels and vault maps discovered:
D:1:      hellmonk_arrival_library, layout_loops_ring,
          dilly_ecumenical_altar_fadedgnrine
D:2:      layout_loops_ring
D:3:      layout_rooms, elyvilon_altar_1, serial_shops, nicolae_shop_waterfront
D:4:      layout_cave_pools, amcnicky_altar_gilded, minmay_misc_feat_columns,
          grunt_decor_junction, minmay_misc_feat_nine_boxes, minmay_manual_mess
D:5:      minmay_razor_zed, layout_gridville, serial_shops, nicolae_square_shop,
          minmay_hollow_rounded_squares, uniq_blork_the_orc

Skill      XL: |  1  2  3  4  5  6  7 |
---------------+----------------------+-----
Axes           | 3 4 5 6 |  6.5
Fighting       | 4 5 6 |  6.7
Shields        | 4 5 |  5.0
Armour         | 4 5 6 |  6.0

Action                     |  1- 3 |  4- 6 |  7- 9 || total
---------------------------+-------+-------+-------++-------
  Melee: War axe           |   122 |    86 |    91 ||   299
    Use: Potion            |       |     1 |       ||     1
 Armour: Scale mail        |    61 |    75 |    65 ||   201
  Dodge: Dodged            |    70 |    77 |    63 ||   210
  Block: Buckler           |    24 |    26 |    29 ||    79
